| TOP OF THE 1ST |
|
Kingsport Mets batting - Pitching for San Diego (APP) Padres : RHP Liam Tate
|
|
Pitching: RHP Liam Tate
|
|
|
Batting: RHB Eric Zylstra
|
0-0: Called Strike 0-1: Fly out, F8 (Line Drive, 8LD, EV 87.5 MPH)
|
|
Batting: SHB Josh Thomson
|
0-0: Called Strike 0-1: Ball 1-1: TRIPLE (Line Drive, 9D, EV 106.9 MPH)
|
|
Batting: RHB Juan Medina
|
0-0: Foul Ball, location: 2F 0-1: Ground out U3 (Groundball, 34, EV 109.4 MPH) Josh Thomson scores
|
|
Batting: RHB Artyom Shavkunov
|
0-0: Ball 1-0: Ball 2-0: Ball 3-0: Called Strike 3-1: Base on Balls
|
|
Batting: RHB Chris Artz
|
0-0: DOUBLE (Line Drive, 89XD, EV 105.0 MPH) Artyom Shavkunov to third Runner from 3rd tries for Home, SAFE, throw by CF to home
|
|
Batting: RHB Warren Carmichael
|
0-0: Called Strike 0-1: Swinging Strike 0-2: DOUBLE (Line Drive, 89XD, EV 108.1 MPH) Chris Artz scores
|
|
Batting: LHB Randolph Brodbeck
|
0-0: Called Strike 0-1: Ball 1-1: Ball 2-1: Foul Ball, location: 2F 2-2: SINGLE (Groundball, 6MS, EV 68.1 MPH) (infield hit) Warren Carmichael to third
|
|
Batting: RHB Craig Alvarado
|
0-0: Called Strike 0-1: Ball 1-1: Called Strike 1-2: Strikes out swinging
|
| Top of the 1st over - 3 runs, 4 hits, 0 errors, 2 left on base; Kingsport 3 - San Diego (APP) 0 |
| BOTTOM OF THE 1ST |
|
San Diego (APP) Padres batting - Pitching for Kingsport Mets : LHP Ronnie Stoll
|
|
Pitching: LHP Ronnie Stoll
|
|
|
Batting: RHB Alex Collazo
|
0-0: Foul Ball, location: 2F 0-1: Foul Ball, location: 2F 0-2: Ground out 5-3 (Groundball, 56, EV 87.5 MPH)
|
|
Batting: RHB Phil McFadden
|
0-0: Called Strike 0-1: Swinging Strike 0-2: Ball 1-2: Ball 2-2: Ball 3-2: Ground out 4-3 (Groundball, 13, EV 93.1 MPH)
|
|
Batting: RHB Ken Hahn
|
0-0: Foul Ball, location: 2F 0-1: Called Strike 0-2: Strikes out looking
|
| Bottom of the 1st over - 0 runs, 0 hits, 0 errors, 0 left on base; Kingsport 3 - San Diego (APP) 0 |
| TOP OF THE 2ND |
|
Kingsport Mets batting - Pitching for San Diego (APP) Padres : RHP Liam Tate
|
|
Batting: LHB Rick Vallis
|
0-0: Ball 1-0: Called Strike 1-1: Ball 2-1: Ground out U3 (Groundball, 3, EV 82.5 MPH)
|
|
Batting: RHB Eric Zylstra
|
0-0: Fly out, F7 (Flyball, 7S, EV 96.2 MPH)
|
|
Batting: SHB Josh Thomson
|
0-0: Called Strike 0-1: Ball 1-1: Swinging Strike 1-2: Ball 2-2: Ground out 4-3 (Groundball, 4, EV 106.2 MPH)
|
| Top of the 2nd over - 0 runs, 0 hits, 0 errors, 0 left on base; Kingsport 3 - San Diego (APP) 0 |
| BOTTOM OF THE 2ND |
|
San Diego (APP) Padres batting - Pitching for Kingsport Mets : LHP Ronnie Stoll
|
|
Batting: LHB Justin Daley
|
0-0: Ball 1-0: Ground out 6-3 (Groundball, 6, EV 78.1 MPH)
|
|
Batting: RHB Adrian Cook
|
0-0: Ball 1-0: Ball 2-0: Called Strike 2-1: Ball 3-1: Base on Balls
|
|
Batting: RHB Max Stillo
|
0-0: Ball 1-0: Foul Ball, location: 2F 1-1: Ball 2-1: Grounds into double play, 5-4-3 (Groundball, 56, EV 86.2 MPH)
|
| Bottom of the 2nd over - 0 runs, 0 hits, 0 errors, 0 left on base; Kingsport 3 - San Diego (APP) 0 |
| TOP OF THE 3RD |
|
Kingsport Mets batting - Pitching for San Diego (APP) Padres : RHP Liam Tate
|
|
Batting: RHB Juan Medina
|
0-0: Ball 1-0: Ball 2-0: Ball 3-0: Called Strike 3-1: Foul Ball, location: 2F 3-2: Fly out, F7 (Flyball, 7, EV 85.0 MPH)
|
|
Batting: RHB Artyom Shavkunov
|
0-0: Called Strike 0-1: Foul Ball, location: 2F 0-2: Ball 1-2: Ball 2-2: Ball 3-2: Base on Balls
|
|
Batting: RHB Chris Artz
|
0-0: Ball 1-0: Called Strike 1-1: Grounds into double play, 6-4-3 (Groundball, 6, EV 110.0 MPH)
|
| Top of the 3rd over - 0 runs, 0 hits, 0 errors, 0 left on base; Kingsport 3 - San Diego (APP) 0 |
| BOTTOM OF THE 3RD |
|
San Diego (APP) Padres batting - Pitching for Kingsport Mets : LHP Ronnie Stoll
|
|
Batting: RHB Ed Oake
|
0-0: Ball 1-0: Foul Ball, location: 2F 1-1: Swinging Strike 1-2: Ball 2-2: Strikes out swinging
|
|
Batting: RHB Brian DeVoe
|
0-0: Ball 1-0: Swinging Strike 1-1: Ground out 1-3 (Groundball, 13, EV 65.6 MPH)
|
|
Batting: LHB Gary Corrales
|
0-0: Foul Ball, location: 2F 0-1: Fly out, F8 (Line Drive, 8RM, EV 93.8 MPH)
|
| Bottom of the 3rd over - 0 runs, 0 hits, 0 errors, 0 left on base; Kingsport 3 - San Diego (APP) 0 |
| TOP OF THE 4TH |
|
Kingsport Mets batting - Pitching for San Diego (APP) Padres : RHP Liam Tate
|
|
Batting: RHB Warren Carmichael
|
0-0: Foul Ball, location: 2F 0-1: Ball 1-1: Foul Ball, location: 2F 1-2: DOUBLE (Line Drive, 3D, EV 98.1 MPH)
|
|
Batting: LHB Randolph Brodbeck
|
0-0: Ball 1-0: Ground out 4-3 (Groundball, 4, EV 83.1 MPH) Warren Carmichael to third
|
|
Batting: RHB Craig Alvarado
|
0-0: Ball 1-0: Foul Ball, location: 2F 1-1: Fly out, F9 (Flyball, 9, EV 93.1 MPH)
|
|
Batting: LHB Rick Vallis
|
0-0: Ball 1-0: Called Strike 1-1: Foul Ball, location: 2F 1-2: Strikes out swinging
|
| Top of the 4th over - 0 runs, 1 hit, 0 errors, 1 left on base; Kingsport 3 - San Diego (APP) 0 |
| BOTTOM OF THE 4TH |
|
San Diego (APP) Padres batting - Pitching for Kingsport Mets : LHP Ronnie Stoll
|
|
Batting: RHB Alex Collazo
|
0-0: Called Strike 0-1: Called Strike 0-2: Ball 1-2: Foul Ball, location: 2F 1-2: Ball 2-2: Fly out, F7 (Line Drive, 78S, EV 90.6 MPH)
|
|
Batting: RHB Phil McFadden
|
0-0: Ground out 6-3 (Groundball, 6, EV 83.8 MPH)
|
|
Batting: RHB Ken Hahn
|
0-0: Ball 1-0: Called Strike 1-1: Swinging Strike 1-2: Foul Ball, location: 2F 1-2: Ball 2-2: Foul Ball, location: 2F 2-2: Strikes out swinging
|
| Bottom of the 4th over - 0 runs, 0 hits, 0 errors, 0 left on base; Kingsport 3 - San Diego (APP) 0 |
| TOP OF THE 5TH |
|
Kingsport Mets batting - Pitching for San Diego (APP) Padres : RHP Liam Tate
|
|
Batting: RHB Eric Zylstra
|
0-0: Ball 1-0: Called Strike 1-1: Ball 2-1: Ball 3-1: Base on Balls
|
|
Batting: SHB Josh Thomson
|
0-0: Called Strike 0-1: Fielders Choice at 2nd, 6-4 (Groundball, 6, EV 88.1 MPH)
|
|
Batting: RHB Juan Medina
|
0-0: Ball 1-0: Fielders Choice at 2nd, 5-4 (Groundball, 56, EV 81.2 MPH)
|
|
Batting: RHB Artyom Shavkunov
|
0-0: Ball 1-0: Called Strike 1-1: Ball 2-1: Foul Ball, location: 2F 2-2: Foul Ball, location: 2F 2-2: SINGLE (Flyball, 78S, EV 93.8 MPH) Juan Medina to second
|
|
Batting: RHB Chris Artz
|
0-0: Ball 1-0: Ball 2-0: Fly out, F7 (Flyball, 7S, EV 87.5 MPH)
|
| Top of the 5th over - 0 runs, 1 hit, 0 errors, 2 left on base; Kingsport 3 - San Diego (APP) 0 |
| BOTTOM OF THE 5TH |
|
San Diego (APP) Padres batting - Pitching for Kingsport Mets : LHP Ronnie Stoll
|
|
Batting: LHB Justin Daley
|
0-0: Ball 1-0: Ball 2-0: Foul Ball, location: 2F 2-1: Ball 3-1: Foul Ball, location: 2F 3-2: Ground out 4-3 (Groundball, 4, EV 78.8 MPH)
|
|
Batting: RHB Adrian Cook
|
0-0: Called Strike 0-1: Ball 1-1: Ball 2-1: Foul Ball, location: 2F 2-2: SINGLE (Line Drive, 8RS, EV 103.1 MPH)
|
|
Batting: RHB Max Stillo
|
0-0: Called Strike 0-1: Swinging Strike 0-2: Strikes out swinging
|
|
Batting: RHB Ed Oake
|
0-0: Called Strike 0-1: Ground out 1-3 (Groundball, 13S, EV 67.5 MPH)
|
| Bottom of the 5th over - 0 runs, 1 hit, 0 errors, 1 left on base; Kingsport 3 - San Diego (APP) 0 |
| TOP OF THE 6TH |
|
Kingsport Mets batting - Pitching for San Diego (APP) Padres : RHP Liam Tate
|
|
Batting: RHB Warren Carmichael
|
0-0: Foul Ball, location: 2F 0-1: Foul Ball, location: 2F 0-2: Foul Ball, location: 2F 0-2: Ball 1-2: Ball 2-2: Ball 3-2: Ground out 3-1 (Groundball, 34, EV 87.5 MPH)
|
|
Pitching: RHP John Stiff
|
|
|
Batting: LHB Randolph Brodbeck
|
0-0: Foul Ball, location: 2F 0-1: Swinging Strike 0-2: Ground out 6-3 (Groundball, 6D, EV 99.4 MPH)
|
|
Batting: RHB Craig Alvarado
|
0-0: Ball 1-0: Foul Ball, location: 2F 1-1: Foul Ball, location: 2F 1-2: Foul Ball, location: 2F 1-2: Strikes out swinging
|
| Top of the 6th over - 0 runs, 0 hits, 0 errors, 0 left on base; Kingsport 3 - San Diego (APP) 0 |
| BOTTOM OF THE 6TH |
|
San Diego (APP) Padres batting - Pitching for Kingsport Mets : LHP Ronnie Stoll
|
|
Batting: RHB Brian DeVoe
|
0-0: SOLO HOME RUN (Flyball, 7D, EV 95.0 MPH), Distance : 376 ft
|
|
Batting: LHB Gary Corrales
|
0-0: Ball 1-0: Swinging Strike 1-1: Called Strike 1-2: Ball 2-2: Foul Ball, location: 2F 2-2: Ball 3-2: Base on Balls
|
|
Batting: RHB Alex Collazo
|
0-0: Ball 1-0: Foul Ball, location: 2F 1-1: Foul Ball, location: 2F 1-2: Foul Ball, location: 2F 1-2: Fielders Choice at 2nd, 3-6 (Groundball, 34, EV 80.0 MPH)
|
|
Batting: RHB Phil McFadden
|
0-0: Ball 1-0: Ball 2-0: Ball 3-0: Called Strike 3-1: Base on Balls Alex Collazo to second
|
|
Batting: RHB Ken Hahn
|
0-0: Called Strike 0-1: Called Strike 0-2: Foul Ball, location: 2F 0-2: Ball 1-2: Ball 2-2: Strikes out swinging
|
|
Pinch Hitting: RHB Brian Klinkner
|
0-0: Ball 1-0: Ball 2-0: Called Strike 2-1: Ball 3-1: Base on Balls Alex Collazo to third Phil McFadden to second
|
|
Batting: RHB Adrian Cook
|
0-0: Ball 1-0: Called Strike 1-1: Ground out 5-3 (Groundball, 56S, EV 79.4 MPH)
|
| Bottom of the 6th over - 1 run, 1 hit, 0 errors, 3 left on base; Kingsport 3 - San Diego (APP) 1 |
| TOP OF THE 7TH |
|
Kingsport Mets batting - Pitching for San Diego (APP) Padres : RHP John Stiff
|
|
Now at 1B: Ricardo Ortiz
|
|
|
Batting: LHB Rick Vallis
|
0-0: Ball 1-0: Called Strike 1-1: Ball 2-1: Ground out 5-3 (Groundball, 56, EV 80.0 MPH)
|
|
Batting: RHB Eric Zylstra
|
0-0: Called Strike 0-1: Ball 1-1: Foul Ball, location: 2F 1-2: Ball 2-2: Ball 3-2: Foul Ball, location: 2F 3-2: Base on Balls
|
|
Batting: SHB Josh Thomson
|
0-0: Called Strike 0-1: Ball 1-1: Ball 2-1: Ball 3-1: Grounds out, U3 (Groundball, 3L, EV 85.0 MPH)
|
|
Batting: RHB Juan Medina
|
0-0: Ball 1-0: Swinging Strike 1-1: Foul Ball, location: 2F 1-2: Strikes out swinging
|
| Top of the 7th over - 0 runs, 0 hits, 0 errors, 1 left on base; Kingsport 3 - San Diego (APP) 1 |
| BOTTOM OF THE 7TH |
|
San Diego (APP) Padres batting - Pitching for Kingsport Mets : LHP Ronnie Stoll
|
|
Batting: RHB Max Stillo
|
0-0: Ball 1-0: Ball 2-0: Called Strike 2-1: Ball 3-1: Base on Balls
|
|
Batting: RHB Ed Oake
|
0-0: Bunted foul 0-1: Bunt missed! 0-2: Ball 1-2: Ball 2-2: Strikes out looking
|
|
Batting: RHB Brian DeVoe
|
0-0: Called Strike 0-1: Ball 1-1: DOUBLE (Groundball, 5L, EV 105.6 MPH) Max Stillo to third
|
|
Pitching: RHP Ken Tayo
|
|
|
Pinch Hitting: RHB Eric McMillian
|
0-0: Ball 1-0: Ball 2-0: Called Strike 2-1: Ground out 6-3 (Groundball, 6, EV 101.9 MPH) Max Stillo scores
|
|
Batting: RHB Alex Collazo
|
0-0: Called Strike 0-1: Foul Ball, location: 2F 0-2: Ball 1-2: 2-RUN HOME RUN (Flyball, 7D, EV 98.1 MPH), Distance : 385 ft
|
|
Batting: RHB Phil McFadden
|
0-0: Called Strike 0-1: Ball 1-1: Ball 2-1: Fly out, F8 (Flyball, 8LD, EV 79.4 MPH)
|
| Bottom of the 7th over - 3 runs, 2 hits, 0 errors, 0 left on base; Kingsport 3 - San Diego (APP) 4 |
| TOP OF THE 8TH |
|
Kingsport Mets batting - Pitching for San Diego (APP) Padres : RHP John Stiff
|
|
Now in LF: Gabriel Diaz
|
|
|
Batting: RHB Artyom Shavkunov
|
0-0: Ground out 1-3 (Groundball, 34S, EV 68.1 MPH)
|
|
Batting: RHB Chris Artz
|
0-0: Called Strike 0-1: Ball 1-1: Swinging Strike 1-2: DOUBLE (Line Drive, 7LM, EV 114.4 MPH)
|
|
Pitching: RHP Dave Waterman
|
|
|
Batting: RHB Warren Carmichael
|
0-0: Ball 1-0: DOUBLE (Flyball, 89D, EV 104.4 MPH) Chris Artz scores
|
|
Batting: LHB Randolph Brodbeck
|
0-0: Ball 1-0: Foul Ball, location: 2F 1-1: Foul Ball, location: 2F 1-2: Foul Ball, location: 2F 1-2: Ball 2-2: Strikes out swinging
|
|
Batting: RHB Craig Alvarado
|
0-0: Ball 1-0: Called Strike 1-1: Swinging Strike 1-2: Strikes out looking
|
| Top of the 8th over - 1 run, 2 hits, 0 errors, 1 left on base; Kingsport 4 - San Diego (APP) 4 |
| BOTTOM OF THE 8TH |
|
San Diego (APP) Padres batting - Pitching for Kingsport Mets : RHP Ken Tayo
|
|
Batting: RHB Ken Hahn
|
0-0: Called Strike 0-1: Ball 1-1: Ball 2-1: Ball 3-1: DOUBLE (Flyball, 8RXD, EV 110.0 MPH)
|
|
Batting: RHB Ricardo Ortiz
|
0-0: DOUBLE (Line Drive, 78M, EV 101.2 MPH) Ken Hahn scores
|
|
Batting: RHB Adrian Cook
|
0-0: Intentional Walk
|
|
Pinch Runner at 2nd Antonio Martinez:
|
|
|
Batting: RHB Max Stillo
|
0-0: 3-RUN HOME RUN (Flyball, 7D, EV 98.1 MPH), Distance : 373 ft
|
|
Pitching: RHP Justin Vallis
|
|
|
Batting: RHB Ed Oake
|
0-0: Foul Ball, location: 2F 0-1: Foul Ball, location: 2F 0-2: Ground out 4-3 (Groundball, 13, EV 81.9 MPH)
|
|
Batting: RHB Brian DeVoe
|
0-0: Ball 1-0: Called Strike 1-1: Ball 2-1: Ball 3-1: DOUBLE (Line Drive, 9LM, EV 93.8 MPH)
|
|
Batting: RHB Gabriel Diaz
|
0-0: Called Strike 0-1: Ground out 5-3 (Groundball, 5L, EV 101.2 MPH)
|
|
Batting: RHB Alex Collazo
|
0-0: Ball Wild Pitch! Brian DeVoe to third 1-0: Ball 2-0: Fly out, F3 (Popup, 34, EV 61.2 MPH)
|
| Bottom of the 8th over - 4 runs, 4 hits, 0 errors, 1 left on base; Kingsport 4 - San Diego (APP) 8 |
| TOP OF THE 9TH |
|
Kingsport Mets batting - Pitching for San Diego (APP) Padres : RHP Dave Waterman
|
|
Now at 1B: Norinaga Yamakawakamatsu
|
|
|
Pinch Hitting: RHB Dan Muse
|
0-0: Called Strike 0-1: Ball 1-1: Foul Ball, location: 2F 1-2: SINGLE (Line Drive, 6D, EV 96.9 MPH)
|
|
Pitching: LHP Adelino Burns
|
|
|
Batting: RHB Eric Zylstra
|
0-0: Swinging Strike 0-1: Foul Ball, location: 2F 0-2: Strikes out looking
|
|
Batting: SHB Josh Thomson
|
0-0: Foul Ball, location: 2F 0-1: Fly out, F9 (Line Drive, 9, EV 95.0 MPH)
|
|
Batting: RHB Juan Medina
|
0-0: Called Strike 0-1: Ball 1-1: Ground out 6-3 (Groundball, 56D, EV 103.8 MPH)
|
| Top of the 9th over - 0 runs, 1 hit, 0 errors, 1 left on base; Kingsport 4 - San Diego (APP) 8 |
|